 Dungeon Crawl Stone Soup version 0.29-a0-340-g6efceafd81 (webtiles) character file.

Game seed: 2527144623844824470

6131 HendSelp the Blocker (level 10, -7/69 HPs)
             Began as an Octopode Fighter on Apr 19, 2022.
             Was an Initiate of Gozag.
             Mangled by a yak (16 damage)
             ... on level 8 of the Dungeon.
             The game lasted 00:11:45 (8395 turns).

HendSelp the Blocker (Octopode Fighter)             Turns: 8395, Time: 00:11:46

Health: -7/69      AC:  1    Str: 16    XL:     10   Next: 89%
Magic:  10/10      EV: 18    Int: 10    God:    Gozag
Gold:   583        SH:  8    Dex: 16    Spells: 9/9 levels left

rFire   + . .      SeeInvis .   a - +1 rapier
rCold   . . .      Faith    .   b - +0 buckler
rNeg    . . .      Spirit   .   (helmet restricted)
rPois   .          Reflect  .   q - amulet of regeneration
rElec   .          Harm     .   d - +4 ring of evasion
rCorr   +          Rampage  .   e - ring of resist corrosion
Will    .....                   g - ring of wizardry
Stlth   ++........              f - ring of protection from fire
HPRegen 1.01/turn               (no ring)
MPRegen 0.12/turn               (no ring)
                                (no ring)
                                (no ring)

@: gold aura
A: almost no armour, amphibious, 8 rings, camouflage 1, gelatinous body 1,
(nimble swimmer 1), tentacles
a: Renounce Religion, Potion Petition, Call Merchant, Bribe Branch


You were on level 8 of the Dungeon.
You worshipped Gozag.
Gozag was pleased with you.
You visited 2 branches of the dungeon, and saw 9 of its levels.
You also visited: Sewer and Bailey.

You collected 2350 gold pieces.
You paid 1767 gold pieces to Gozag.

Inventory:

Hand Weapons
 a - a +1 rapier (weapon)
Armour
 b - a +0 buckler (worn)
Jewellery
 d - a +4 ring of evasion (left tentacle)
 e - a ring of resist corrosion (right tentacle)
 f - a ring of protection from fire (on tentacle)
 g - a ring of wizardry (on tentacle)
 q - an amulet of regeneration (around mantle)
 u - a +6 ring of intelligence
 v - an amulet of reflection
Wands
 c - a wand of flame (82)
 p - a wand of charming (6)
 s - a wand of mindburst (10)
 w - a wand of digging (8)
Scrolls
 j - a scroll of amnesia
 l - 5 scrolls of teleportation
 m - 3 scrolls of fog
 n - a scroll of brand weapon {unknown}
 o - 4 scrolls of identify
 r - a scroll of enchant armour
 t - a scroll of blinking
Potions
 h - 8 potions of flight
 i - 2 potions of curing
 k - 4 potions of attraction
 z - a potion of haste {unknown}


   Skills:
 * Level 6.6 Fighting
 * Level 9.0 Short Blades
 + Level 4.2 Dodging
 * Level 13.9 Shields


You had 9 spell levels left.
You didn't know any spells.
Your spell library contained the following spells:

 Spells                   Type           Power      Damage    Failure   Level
 Animate Skeleton         Necr           0%         N/A       17%         1
 Pain                     Necr           0%         1d4       17%         1
 Slow                     Hex            0%         N/A       17%         1
 Blink                    Tloc           0%         N/A       26%         2
 Confusing Touch          Hex            0%         N/A       45%         3
 Lesser Beckoning         Tloc           0%         N/A       45%         3
 Vampiric Draining        Necr           0%         2d6       45%         3
 Leda's Liquefaction      Hex/Erth       0%         N/A       83%         4
 Lee's Rapid Deconstruct  Erth           0%         3d5*      99%         5
 Manifold Assault         Tloc           0%         N/A       99%         5
 Statue Form              Tmut/Erth      0%         N/A       100%        6


Dungeon Overview and Level Annotations

Branches:
Dungeon (8/15)             Temple (1/1) D:5           Sewer (visited)
 Bailey (visited)
   Lair: D:8-11

Altars:
Ashenzari
Cheibriados
Dithmenos
Elyvilon
Fedhas
Gozag
Hepliaklqana
Kikubaaqudgha
Makhleb
Nemelex Xobeh
Okawaru
Qazlal
Ru
Sif Muna
Trog
Uskayaw
Vehumet
Wu Jian
Xom
Yredelemnul
Zin

Shops:
D:1 *   D:7 [(=(*


Innate Abilities, Weirdness & Mutations

You cannot wear most types of armour.
You are amphibious.
You can wear up to eight rings at the same time.
Your skin changes colour to match your surroundings (Stealth+).
Your rubbery body absorbs attacks. (AC +1, EV +1)
((You are camouflaged when in or above water. (Stealth+)))
You have tentacles for arms and can constrict up to eight enemies at once.


Message History

Unknown command.
The yak is no longer distracted by gold.
The yak barely misses you. The yak closely misses you.
You see here 9 gold pieces.
Unknown command.
You barely miss the yak. Your squeeze misses the yak. The yak misses you.
The yak gores you.
* * * LOW HITPOINT WARNING * * *
Unknown command.
Unknown command.
You hit the yak but do no damage. The yak gores you!
* * * LOW HITPOINT WARNING * * *
The yak gores you but does no damage.
Unknown command.
Unknown command.
You hit the yak but do no damage. The yak completely misses you.
You block the yak's attack.
Unknown command.
Unknown command.
Unknown command.
You hit the yak.
The yak is lightly wounded.
You hit the yak.
The yak is lightly wounded.
The yak completely misses you. The yak closely misses you.
Unknown command.
You hit the yak. You squeeze the yak.
The yak is moderately wounded.
The yak is distracted by your dazzling golden aura.
You block the yak's attack.
The yak bellows!
Unknown command.
You hit the yak.
The yak is no longer distracted by gold.
The yak is moderately wounded.
The yak gores you.
* * * LOW HITPOINT WARNING * * *
The yak gores you!
You die...
Your body crumbles into a pile of gold.

## . .# .#.#### ..
#..#..#####.. ###
####.##..........#
##.!.##................#
#......$..)##........#.+
.......@....#....###...#
.......YY.......##.....#
.............#.........#
#..........###.|.......#
##...##...## ###.......#
#### ###.# ##....).# #.#
#.####.# ... ###..###)'
..< ........)#


You could see 2 yaks.

Vanquished Creatures
  An orc warlord (Bailey)
  An orc knight (Bailey)
  2 kobold demonologists (D:7)
  Grinder (D:6)
  Sigmund (D:3)
  3 yaks (D:8)
  2 steam dragons (D:8)
  3 water moccasins
  A black bear (D:7)
  15 orc warriors
  An ogre (D:6)
  2 centaurs
  2 kobold brigands (D:7)
  A bullfrog (D:4)
  A necrophage (D:5)
  A scorpion (D:7)
  4 killer bees (D:8)
  A howler monkey (D:8)
  An electric eel (D:7)
  A gnoll shaman (D:7)
  A jelly (D:6)
  An orc priest (D:6)
  Crazy Yiuf (D:6)
  An iguana (D:4)
  A merfolk siren (Sewer)
  2 orc wizards
  A merfolk avatar (Sewer)
  A mummy (D:5)
  4 gnolls
  10 adders
  3 river rats (Sewer)
  An ufetubus (D:4)
  A worm (D:4)
  2 dart slugs
  23 orcs
  5 endoplasms
  5 giant cockroaches
  20 goblins
  12 hobgoblins
  8 kobolds
  8 quokkas
  8 ball pythons
  6 bats
  2 frilled lizards
  A hobgoblin zombie (D:5)
  A kobold zombie (D:5)
  2 orc zombies (D:5)
  28 rats
204 creatures vanquished.

Vanquished Creatures (collateral kills)
  2 hobgoblins (Bailey)
2 creatures vanquished.

Vanquished Creatures (others)
  A gnoll (Bailey)
1 creature vanquished.

Grand Total: 207 creatures vanquished

Notes
Turn   | Place    | Note
-------+----------+-------------------------------------------
     0 | D:1      | HendSelp the Octopode Fighter began the quest for the Orb.
     0 | D:1      | Reached XP level 1. HP: 16/16 MP: 1/1
   258 | D:1      | Reached XP level 2. HP: 21/21 MP: 2/2
   616 | D:1      | Found Juto's General Store.
   659 | D:1      | Found a faded altar of an unknown god.
  1157 | D:2      | Reached XP level 3. HP: 26/26 MP: 3/3
  1624 | D:2      | Reached XP level 4. HP: 33/33 MP: 4/4
  1883 | D:2      | Identified the +3 robe of the Tuna {-Tele Slay+2 Archmagi}
  2238 | D:3      | Noticed Sigmund
  2248 | D:3      | Killed Sigmund
  2249 | D:3      | Reached skill level 4 in Shields
  2249 | D:3      | Reached XP level 5. HP: 38/38 MP: 5/5
  2249 | D:3      | Reached XP level 6. HP: 44/44 MP: 6/6
  2768 | D:3      | Reached skill level 13 in Shields
  2768 | D:3      | Reached XP level 7. HP: 49/49 MP: 7/7
  3125 | D:4      | Found a glowing drain.
  3144 | Sewer    | Entered a sewer
  4471 | D:4      | Found a basalt altar of Yredelemnul.
  4475 | D:4      | Found a burning altar of Makhleb.
  4478 | D:4      | Found a radiant altar of Vehumet.
  4530 | D:4      | Found a snail-covered altar of Cheibriados.
  4582 | D:5      | Entered Level 5 of the Dungeon
  4585 | D:5      | Found a staircase to the Ecumenical Temple.
  4599 | Temple   | Entered the Ecumenical Temple
  4609 | Temple   | Became a worshipper of Gozag Ym Sagoz the Greedy
  4873 | D:5      | Reached skill level 5 in Short Blades
  4873 | D:5      | Reached XP level 8. HP: 31/54 MP: 8/8
  5922 | D:6      | Reached skill level 5 in Fighting
  6082 | D:6      | Noticed Grinder
  6083 | D:6      | Paralysed by Grinder for 3 turns
  6095 | D:6      | Killed Grinder
  6226 | D:6      | Reached XP level 9. HP: 47/61 MP: 9/9
  6558 | D:6      | Found a runed translucent door.
  6560 | D:6      | Noticed Crazy Yiuf
  6753 | D:6      | Killed Crazy Yiuf
  6828 | D:7      | Found a flagged portal.
  6849 | Bailey   | Entered a bailey
  7031 | Bailey   | Noticed an orc knight
  7040 | Bailey   | HP: 3/61 [orc knight/+0 war axe (26)]
  7047 | Bailey   | Killed an orc knight
  7236 | Bailey   | Noticed an orc warlord
  7264 | Bailey   | Reached XP level 10. HP: 68/68 MP: 10/10
  7272 | Bailey   | Killed an orc warlord
  7320 | Bailey   | Acquired 1024 gold pieces
  7620 | D:7      | Noticed a kobold demonologist
  7620 | D:7      | Noticed a kobold demonologist
  7641 | D:7      | Killed a kobold demonologist
  7646 | D:7      | Killed a kobold demonologist
  7744 | D:7      | Found Zucocked's Weapon Boutique.
  7746 | D:7      | Found Teijorer's Jewellery Shoppe.
  7746 | D:7      | Found Jixeu's Assorted Antiques.
  7974 | D:7      | Found a white marble altar of Elyvilon.
  8395 | D:8      | Mangled by a yak

Illustrated notes

Levels and vault maps discovered:
D:1:      dpeg_arrival_water_fire, layout_loops_ring,
          chequers_ecumenical_altar_island, serial_shops, shop,
          minmay_misc_feat_encased, roderic_serpentine_path,
          kennysheep_flooded_box
D:2:      layout_basic, minmay_ruptured
D:3:      layout_basic, serial_curves, eino_curves_02, eino_curves_04,
          uniq_sigmund
D:4:      layout_gridville, grunt_temple_overflow_diamond,
          lemuel_coloured_pillars_altar, portal_sewer_entry_f
D:5:      layout_gridville, minmay_temple_entry_junction_2, minmay_mini_ossuary
D:6:      layout_cave_pools, uniq_grinder, uniq_crazy_yiuf_cottage
D:7:      layout_loops_ring, lemuel_tele_altar, serial_rivers,
          chequers_serial_rivers_micro_e, chequers_serial_rivers_micro_d,
          chequers_serial_rivers_micro_d, chequers_serial_rivers_room_a,
          chequers_serial_rivers_micro_b, chequers_serial_rivers_micro_b,
          enter_bailey_5, nicolae_wooded_promenade
D:8:      layout_rooms, lemuel_round_altar, minmay_quadrilaterals
Temple:   regret_index_temple_sphere_string

Skill      XL: |  1  2  3  4  5  6  7  8  9 10 |
---------------+-------------------------------+-----
Short Blades   | 4 5 7 9 |  9.0
Fighting       | 4 5 6 |  6.6
Shields        | 4 13 | 13.9
Dodging        | 4 |  4.2

Action                   |  1- 3 |  4- 6 |  7- 9 | 10-12 || total
-------------------------+-------+-------+-------+-------++-------
Melee: Rapier            |    55 |    30 |   327 |   120 ||   532
       Constrict         |    16 |     7 |    81 |    19 ||   123
       Tentacles         |    11 |     4 |    93 |    35 ||   143
       Punch             |     1 |     1 |     8 |       ||    10
Invok: Potion Petition   |       |       |     1 |       ||     1
       Call Merchant     |       |       |       |     2 ||     2
Evoke: Wand              |       |       |     6 |     6 ||    12
  Use: Scroll            |       |     7 |    13 |     1 ||    21
       Potion            |       |     3 |     9 |     6 ||    18
 Stab: Sleeping          |    10 |     1 |    11 |       ||    22
       Distracted        |       |     1 |       |       ||     1
       Invisible         |       |       |     3 |    10 ||    13
Armor: Skin              |     2 |     4 |    12 |     2 ||    20
Dodge: Dodged            |    36 |    17 |   178 |    93 ||   324
Block: Buckler           |     5 |     4 |   110 |    59 ||   178

Table legend: (Time is in decaauts)
 A = Elapsed time spent in this place.
 B = Non-inter-level travel time spent in this place.
 C = Inter-level travel time spent in this place.
 D = Time resting spent in this place.
 E = Time spent auto-exploring this place.
 F = Levels seen in this place.
 G = Mean time per level.
                   A        B        C        D        E       F      G
               +--------+--------+--------+--------+--------+-----+--------+
         Total |   8369 |   8123 |    246 |    335 |   6155 |  11 |  760.8 |
       Dungeon |   6978 |   6740 |    238 |    134 |   5533 |   8 |  872.2 |
        Temple |    148 |    140 |      8 |      0 |    122 |   1 |  148.0 |
         Sewer |    755 |    755 |      0 |    139 |    440 |   1 |  755.0 |
        Bailey |    486 |    486 |      0 |     62 |     60 |   1 |  486.0 |
               +--------+--------+--------+--------+--------+-----+--------+

Top non-repeatable levels by time:
     D:5: 1174 daAuts
     D:1: 1089 daAuts
     D:4: 1013 daAuts
     D:3: 906 daAuts
     D:6: 901 daAuts
     D:2: 823 daAuts
     D:7: 763 daAuts
   Sewer: 755 daAuts
  Bailey: 486 daAuts
     D:8: 306 daAuts
  Temple: 148 daAuts
